 Dungeon Crawl Stone Soup version 0.16-a0-4115-ga5ed934 (webtiles) character file.

10639 timbw the Nimble (level 11, -5/67 HPs)
             Began as a Halfling Summoner on Mar 1, 2015.
             Was a Priest of Sif Muna.
             Slain by a spiny frog (22 damage)
             ... on level 5 of the Lair of Beasts.
             The game lasted 00:34:04 (5253 turns).

timbw the Nimble (Halfling Summoner)                Turns: 5253, Time: 00:34:05

Health: -5/67      AC:  5    Str:  8    XL:     11   Next: 96%
Magic:  0/15       EV: 23    Int: 19    God:    Sif Muna [***...]
Gold:   397        SH:  0    Dex: 17    Spells: 5 memorised, 1 level left

rFire  . . .     SeeInvis .     y - +1 dagger (venom)
rCold  . . .     Clarity  .     a - +0 robe
rNeg   . . .     SustAb   +     (no shield)
rPois  .         Gourm    .     (no helmet)
rElec  .         Spirit   .     B - +2 cloak
rCorr  .         Warding  .     (no gloves)
rMut   .         Stasis   .     (no boots)
MR     .....                    z - amulet of regeneration
Stlth  ++++++....               X - ring of sustain abilities
                                j - +3 ring of intelligence

@: lethally poisoned (-5 -> -13), studying Hexes, not resistant to hostile
enchantments, very stealthy
A: mutation resistance 1
a: Channel Energy, Forget Spell, Renounce Religion


You were on level 5 of the Lair of Beasts.
You worshipped Sif Muna.
Sif Muna was most pleased with you.
You were very hungry.

You visited 3 branches of the dungeon, and saw 15 of its levels.
You also visited: Sewer and Ice Cave.

You collected 439 gold pieces.
You spent 42 gold pieces at shops.

Inventory:

Hand weapons
 d - a +0 club
 h - a +0 dagger
 y - a +1 dagger of venom (weapon)
 J - a -1 dagger
 P - a +5 antimagic dagger
Missiles
 p - 3 throwing nets (quivered)
 K - 6 tomahawks
Armour
 a - a +0 robe (worn)
 A - a +0 cloak
 B - a +2 cloak (worn)
Jewellery
 f - an uncursed ring of positive energy
 j - a +3 ring of intelligence (left hand)
 u - an uncursed ring of flight
 w - an uncursed ring of fire
 z - an amulet of regeneration (around neck)
 X - a ring of sustain abilities (right hand)
Magical devices
 r - a wand of heal wounds (3)
 I - a wand of teleportation (5)
 N - a wand of polymorph (13)
 U - a wand of frost (12)
 W - a wand of polymorph (6)
Scrolls
 l - 4 scrolls of teleportation
 o - a scroll of blinking
 s - 3 scrolls of enchant armour
 t - a scroll of amnesia
 H - a scroll of remove curse
 Q - a scroll of immolation {unknown}
Potions
 g - a potion of brilliance
 i - a potion of might
 k - a potion of cancellation
 m - 3 potions of magic
 n - 2 potions of beneficial mutation {unknown}
 q - a potion of resistance {unknown}
 E - a potion of restore abilities {unknown}
 F - a potion of haste {unknown}
 G - a potion of berserk rage {unknown}
 M - a potion of curing
Books
 b - a book of Callings

   Spells                             Type                      Level
   a - Summon Small Mammal            Summoning                    1
   b - Call Imp                       Summoning                    2
   c - Call Canine Familiar           Summoning                    3
   d - Summon Guardian Golem          Hexes/Summoning              4
   e - Summon Lightning Spire         Summoning/Air                4
   f - Summon Ice Beast               Ice/Summoning                4
 C - a book of Control

   Spells                             Type                      Level
   a - Control Teleport               Charms/Translocation         4
   b - Control Undead                 Necromancy                   4
   c - Enslavement                    Hexes                        4
   d - Metabolic Englaciation         Hexes/Ice                    5
   e - Mass Confusion                 Hexes                        6
 D - a book of Maledictions

   Spells                             Type                      Level
   a - Corona                         Hexes                        1
   b - Sure Blade                     Hexes/Charms                 2
   c - Ensorcelled Hibernation        Hexes/Ice                    2
   d - Confuse                        Hexes                        3
   e - Dazzling Spray                 Conjuration/Hexes            3
   f - Enslavement                    Hexes                        4
 R - a book of Changes

   Spells                             Type                      Level
   a - Beastly Appendage              Transmutation                1
   b - Sticks to Snakes               Transmutation                2
   c - Spider Form                    Transmutation/Poison         3
   d - Ice Form                       Ice/Transmutation            4
   e - Blade Hands                    Transmutation                5
 S - a book of Transfigurations

   Spells                             Type                      Level
   a - Stoneskin                      Transmutation/Earth          2
   b - Irradiate                      Conjuration/Transmutation    5
   c - Statue Form                    Transmutation/Earth          6
   d - Hydra Form                     Transmutation                6
   e - Dragon Form                    Transmutation                7
 V - a manual of Hexes
Miscellaneous
 e - a crystal ball of energy
 O - a sack of spiders
Comestibles
 c - 4 bread rations
 v - 7 meat rations
 L - 6 fruits
 T - a royal jelly
 Y - a chunk of flesh


   Skills:
 - Level 3.1 Fighting
 - Level 10.1 Short Blades
 + Level 11.0 Dodging
 * Level 10.7 Stealth
 - Level 1.5 Spellcasting
 * Level 3.1 Hexes
 + Level 8.6 Summonings


You had one spell level left.
You knew the following spells:

 Your Spells              Type           Power        Failure   Level  Hunger
a - Summon Small Mammal   Summ           ####         1%          1    ##.....
b - Call Imp              Summ           ####....     1%          2    ###....
c - Call Canine Familiar  Summ           ####....     1%          3    ####...
d - Summon Lightning Spi  Summ/Air       ###.....     34%         4    #####..
e - Ensorcelled Hibernat  Hex/Ice        #.....       17%         2    ###....


Dungeon Overview and Level Annotations

Branches:
Dungeon (9/15)             Temple (1/1) D:4            Lair (5/8) D:9
 Shoals (0/5) Lair:4
  Snake: Lair:3-6    Spider: Lair:3-6       Orc: D:9-12

Altars:
Dithmenos
Elyvilon
Gozag
Makhleb
Nemelex Xobeh
Okawaru
Ru
Sif Muna
Xom

Shops:
D:7 ?


Innate Abilities, Weirdness & Mutations

You are small and have problems with some larger weapons.
You are somewhat resistant to further mutation.


Message History

Your hound closely misses the spiny frog.
The crocodile bites your hound!
You feel very sick.
You feel sick. Something closely misses your hound.
Drink which item? (? for menu, Esc to quit)
Okay, then.
Evoke which item? (* to show all) (? for menu, Esc to quit)
Zapping:
r - a wand of heal wounds (4)
Press: ? - help, Shift-Dir - straight line, f - you You feel much better.
This wand has 3 charges left.
You feel sick.
Your hound bites the spiny frog but does no damage.
The spiny frog closely misses you. Something bites your hound.
Your hound dies!
Your hound's corpse disappears in a puff of smoke!
The spiny frog stings you!
* * * LOW HITPOINT WARNING * * *
Casting: Summon Lightning Spire
Confirm with . or Enter, or press ? or * to list all spells.
You feel sick. The spiny frog stings you!!
You die...

#....#........?
#..##..........
#............... .
#.........P...... P.#
###..........#.....
..tP###.......h.t..P.....
.#...P#.....####t.#........
...[........PP####t#......
..............h.@F8........
...........................
...........................
..........................
##..P.##..................
##.#..##.................
##.#P†#......#.P........
##.....#......##....#...
#............P##.....Y.


You could see a spiny frog, a crocodile, a friendly lightning spire and a
friendly hound.

Vanquished Creatures
  Harold (Lair:3)
  Nergalle (Lair:3)
  3 elephants (Lair:3)
  A siren (Lair:4)
  3 spiny frogs
  3 komodo dragons
  A polar bear (Lair:2)
  Prince Ribbit (D:5)
  A basilisk (Lair:1)
  2 hippogriffs
  14 yaks
  2 wolves (Lair:3)
  Edmund (D:5)
  3 water moccasins
  3 porcupines
  A boring beetle (D:9)
  3 crocodiles
  6 giant frogs
  A scorpion (D:4)
  An electric eel (Lair:4)
  A water moccasin skeleton (D:8)
  4 hounds
  A giant frog skeleton (D:8)
  A giant frog zombie (D:8)
  4 iguanas
  2 orc wizards (D:5)
  3 hell rats (Lair:2)
  A worker ant (D:7)
  5 adders
  4 river rats (Lair:3)
  11 giant mites
  3 worms (D:4)
  8 giant geckos
  6 oozes (Sewer)
  8 orcs
  3 bat zombies
  11 giant cockroaches
  3 goblins
  5 hobgoblins
  A jackal (D:4)
  11 ball pythons (Sewer)
  2 bats (D:9)
  9 giant newts
  3 kobolds
  A quokka (Lair:2)
  7 rats
  A butterfly (D:4)
171 creatures vanquished.

Vanquished Creatures (collateral kills)
  An elephant (Lair:3)
  2 black mambas
  A spiny frog (Lair:1)
  A blink frog (Lair:3)
  2 yaks (D:9)
  4 wolves (Lair:3)
  2 ogres
  A crocodile (Lair:2)
  3 hounds
  A hell rat (Lair:2)
  An iguana (D:5)
  2 worker ants
  3 adders
  A river rat (Lair:3)
  A giant mite (Sewer)
  3 oozes
  5 orcs
  2 hobgoblins
  5 jackals
  3 quokkas
  3 bats
  A giant gecko (Sewer)
  4 giant newts
  2 goblins
  A kobold (D:2)
  2 rats
  2 butterflies (D:4)
59 creatures vanquished.

Vanquished Creatures (others)
  4 crimson imps
  27 hounds
  A lightning spire (Lair:5)
  9 white imps
  2 bats
  2 fungi (Lair:3)
45 creatures vanquished.

Grand Total: 275 creatures vanquished

Notes
Turn   | Place    | Note
--------------------------------------------------------------
     0 | D:1      | timbw, the Halfling Summoner, began the quest for the Orb.
     0 | D:1      | Reached XP level 1. HP: 11/11 MP: 2/2
   128 | D:2      | Reached XP level 2. HP: 13/17 MP: 3/3
   195 | D:2      | Learned a level 2 spell: Call Imp
   338 | D:3      | Found a sparkling altar of Nemelex Xobeh.
   442 | D:3      | Reached XP level 3. HP: 7/21 MP: 0/5
   602 | D:4      | Reached skill level 4 in Dodging
   630 | D:4      | Noticed a scorpion
   686 | D:4      | Killed a scorpion
   686 | D:4      | Reached skill level 5 in Dodging
   686 | D:4      | Reached XP level 4. HP: 3/27 MP: 1/6
   735 | D:4      | Reached XP level 5. HP: 17/31 MP: 7/7
   775 | D:4      | Found a staircase to the Ecumenical Temple.
   795 | Temple   | Entered the Ecumenical Temple
   814 | Temple   | Became a worshipper of Sif Muna the Loreminder
   866 | D:4      | Reached skill level 1 in Short Blades
  1107 | D:4      | Reached XP level 6. HP: 26/36 MP: 9/9
  1112 | D:4      | Found a glowing drain.
  1116 | Sewer    | Entered a sewer
  1205 | Sewer    | Learned a level 3 spell: Call Canine Familiar
  1274 | Sewer    | Reached skill level 6 in Dodging
  1550 | Sewer    | Reached XP level 7. HP: 22/41 MP: 10/10
  1639 | D:5      | Entered Level 5 of the Dungeon
  1665 | D:5      | Reached skill level 5 in Short Blades
  1814 | D:6      | Reached skill level 7 in Dodging
  1842 | D:5      | Noticed Prince Ribbit
  1879 | D:5      | Noticed Edmund
  1944 | D:5      | Killed Edmund
  2041 | D:5      | Killed Prince Ribbit
  2041 | D:5      | Reached XP level 8. HP: 43/46 MP: 2/11
  2196 | D:7      | Found Irrusuda's Magic Scroll Shop.
  2207 | D:7      | Bought a scroll of magic mapping for 42 gold pieces
  2253 | D:7      | Reached skill level 8 in Dodging
  2662 | D:9      | Found a staircase to the Lair.
  2744 | D:9      | Reached XP level 9. HP: 48/51 MP: 8/13
  2784 | D:9      | Reached skill level 9 in Dodging
  2877 | D:9      | Reached skill level 5 in Stealth
  2916 | D:9      | Learned a level 4 spell: Summon Lightning Spire
  2933 | Lair:1   | Entered Level 1 of the Lair of Beasts
  2941 | Lair:1   | Reached skill level 5 in Summonings
  2958 | Lair:1   | Noticed a komodo dragon
  2979 | Lair:1   | Killed a komodo dragon
  3064 | Lair:1   | Noticed a komodo dragon
  3147 | Lair:1   | Killed a komodo dragon
  3147 | Lair:1   | Acquired Sif Muna's first power
  3253 | Lair:1   | Reached XP level 10. HP: 56/56 MP: 9/14
  3393 | Lair:1   | Noticed a black mamba
  3410 | Lair:1   | Killed a black mamba
  3576 | Lair:1   | Noticed a spiny frog
  3607 | Lair:1   | Killed a spiny frog
  3607 | Lair:1   | Reached skill level 10 in Dodging
  3876 | Lair:2   | Reached skill level 10 in Short Blades
  3967 | Lair:2   | Noticed a spiny frog
  3974 | Lair:2   | Killed a spiny frog
  4165 | Lair:3   | Acquired Sif Muna's second power
  4165 | Lair:3   | Reached XP level 11. HP: 33/62 MP: 12/15
  4188 | Lair:3   | Noticed Harold
  4191 | Lair:3   | Killed Harold
  4191 | Lair:3   | Reached skill level 1 in Fighting
  4423 | Lair:3   | Noticed Nergalle
  4484 | Lair:3   | Killed Nergalle
  4520 | Lair:3   | Noticed an elephant
  4521 | Lair:3   | Noticed an elephant
  4523 | Lair:3   | Noticed an elephant
  4523 | Lair:3   | Noticed an elephant
  4562 | Lair:3   | Killed an elephant
  4647 | Lair:3   | Killed an elephant
  4652 | Lair:3   | Killed an elephant
  4652 | Lair:3   | Reached skill level 10 in Stealth
  4672 | Lair:3   | Killed an elephant
  4818 | Lair:4   | Learned a level 2 spell: Ensorcelled Hibernation
  4848 | Lair:4   | Reached skill level 1 in Hexes
  4862 | Lair:4   | Found a frozen archway.
  4876 | IceCv    | Entered an ice cave
  5150 | Lair:4   | Found a staircase to the Shoals.
  5182 | Lair:4   | Reached skill level 11 in Dodging
  5253 | Lair:5   | Slain by a spiny frog

Action                   |  1- 3 |  4- 6 |  7- 9 | 10-12 || total
-------------------------+-------+-------+-------+-------++-------
Melee: Unarmed           |    20 |       |       |       ||    20
       Dagger            |    54 |   319 |   354 |   506 ||  1233
Throw: Throwing net      |     1 |       |     1 |       ||     2
 Cast: Summon Small Mamm |     9 |     1 |       |     1 ||    11
       Call Imp          |    11 |     5 |    19 |    10 ||    45
       Call Canine Famil |       |     2 |    23 |    24 ||    49
       Summon Lightning  |       |       |       |     6 ||     6
Evoke: Wand              |       |       |       |     1 ||     1
  Use: Scroll            |       |     6 |     7 |     2 ||    15
       Potion            |       |       |     2 |     2 ||     4
 Stab: Sleeping          |     3 |     2 |     3 |    14 ||    22
       Distracted        |       |       |     1 |     7 ||     8
  Eat: Chunk             |       |     5 |    13 |    11 ||    29
       Pizza             |       |       |       |     1 ||     1
       Fruit             |       |       |       |     2 ||     2
